Match 29048273
Unlisted

Match 29048273
End
Panzergrenadier Squad
Selects Italian Infantry
Panzergrenadier Squad
Panzergrenadier Squad
Construct Light Support Kompanie
Fire Support Elements
le.IG 18 Support Gun Team
Selects Guastatori Squad
le.IG 18 Mechanized Group
Construct Mechanized Kompanie
254 Reconnaissance Tractor
Selects Registered Artillery
Registered Artillery
Guastatori Squad
Guastatori Squad
Registered Artillery
Pak 38 Anti-tank Gun Team
Selects Defensive Operations
Selects Territory Booby Traps
Guastatori Squad
Registered Artillery
Pak 38 Mechanized Group
MG34 Team
Selects Obice 305mm Barrage
MG34 Team
MG34 Team
MG34 Team
Pak 38 Mechanized Group
MG34 Team
Construct Panzerarmee Kommand
Walking Stuka Rocket Launcher
Walking Stuka Rocket Launcher
Walking Stuka Rocket Launcher
cpt. jack
RAZER
qazxsw
ikire
Orangepest
Thomas
Zaney
Rei
0
0

Comments sign in to comment!

No comments posted yet!